 Dungeon Crawl Stone Soup version 0.31-a0-175-g9f7f995f2b (webtiles) character file.

Game seed: 7745968259905849727

37 qw the Shooter (level 3, -7/21 HPs)
             Began as a Gargoyle Hunter on June 17, 2023.
             Mangled by a gnoll
             ... wielding a +0 halberd
              (11 damage)
             ... on level 2 of the Dungeon.
             The game lasted 00:00:23 (899 turns).

qw the Shooter (Gargoyle Hunter)                     Turns: 899, Time: 00:00:23

Health: -7/21      AC:  8    Str: 14    XL:     3   Next: 41%
Magic:  3/3        EV: 10    Int:  9    God:
Gold:   93         SH:  0    Dex: 15    Spells: 2/2 levels left

rFire   . . .        Y - +0 shortbow
rCold   . . .        (shield currently unavailable)
rNeg    + . .        j - +0 ring mail
rPois   inf          (no helmet)
rElec   +            (no cloak)
rCorr   .            (no gloves)
SInv    .            (no boots)
Will    .....        (no amulet)
Stlth   +            (no ring)
HPRegen 0.23/turn    (no ring)
MPRegen 0.08/turn

%: no passive effects
@: no status effects
A: sickness immunity, AC +3, negative energy resistance 1, electricity
resistance, torment resistance 1, petrification resistance
a: no special abilities


You were on level 2 of the Dungeon.
You visited 1 branch of the dungeon, and saw 2 of its levels.

You collected 93 gold pieces.


Innate Abilities, Weirdness & Mutations

You are immune to sickness and miasma.
Your stone body is resilient. (AC +3)
You are immune to poison.
You resist negative energy. (rN+)
You are resistant to electric shocks. (rElec)
You are resistant to unholy torment.
You are immune to petrification.


   Skills:
 - Level 2.2 Fighting
 - Level 5.0 Ranged Weapons
 + Level 0.9 Armour
 - Level 1.5 Dodging
 - Level 1.1 Stealth


You had 2 spell levels left.
You didn't know any spells.
Your spell library was empty.

Inventory:

Hand Weapons
 Y - a +0 shortbow (weapon)
Armour
 c - a +3 ring mail
 j - a +0 ring mail (worn)
Jewellery
 d - a ring of ice
Scrolls
 a - a scroll of noise {unknown}
 b - a scroll of amnesia {unknown}
Potions
 e - a potion of heal wounds {unknown}
 i - a potion of degeneration {unknown}
 k - a potion of resistance {unknown}
 l - a potion of enlightenment {unknown}

Dungeon Overview and Level Annotations

Branches:
Dungeon (2/15)

Altars:


Message History

Enter note:
Enter note:
e - a smoky green potion
Enter note:
Enter note:
Enter note: You see here a +0 ring mail. 3 gnolls come into view.
The gnoll shouts! x2
The gnoll moves out of view.
Enter note:
Enter note:
Enter note: You shoot an arrow.
The arrow hits the gnoll but does no damage.
A gnoll comes into view. It is wielding a +0 whip.
889 ||| Stepping ~*~*~tactically~*~*~ (outnumbered).
891 ||| Stepping ~*~*~tactically~*~*~ (outnumbered).
The gnoll hits you from afar with a +0 halberd!
Ouch! That really hurt!
893 ||| Stepping ~*~*~tactically~*~*~ (outnumbered).
You shoot an arrow.
The arrow hits the gnoll but does no damage.
The gnoll hits you but does no damage.
You shoot an arrow. The arrow barely misses the gnoll.
The gnoll throws a throwing net.
The throwing net barely misses you. The gnoll closely misses you.
You shoot an arrow. The arrow hits the gnoll.
The gnoll is moderately wounded.
The gnoll hits you from afar with a +0 halberd!
You shoot an arrow.
The arrow hits the gnoll but does no damage.
The gnoll is moderately wounded.
The gnoll barely misses you.
You shoot an arrow. The arrow barely misses the gnoll.
The gnoll barely misses you.
You shoot an arrow. The arrow closely misses the gnoll.
The gnoll hits you from afar with a +0 halberd!
Ouch! That really hurt!
You die...

#.# #. #.# .. ..#
#. #.# #g #.# #g
##.## #. ##.#.##
#g##.###.##
#..@## ##.#
####(###.##
##.#..#
######.#.#
#.[....#.#
#..####.####.#.#
#............#.#
#...####........#
. #.########


You could see a gnoll.

Vanquished Creatures
  A dart slug (D:1)
  4 endoplasms
  5 goblins (D:1)
  3 hobgoblins (D:1)
  4 kobolds
  3 quokkas
  6 ball pythons
  2 bats (D:2)
  A frilled lizard (D:1)
  3 rats
32 creatures vanquished.

Notes
Turn   | Place    | Note
-------+----------+-------------------------------------------
     0 | D:1      | qw the Gargoyle Hunter began the quest for the Orb.
     0 | D:1      | Reached XP level 1. HP: 12/12 MP: 1/1
     0 | D:1      | 0 ||| qw: Version: 0.3-a-2-g5ab2908
     0 | D:1      | 0 ||| qw: Game counter: 195
     0 | D:1      | 0 ||| qw: Always use a shield: true
     0 | D:1      | 0 ||| qw: God list: Okawaru
     0 | D:1      | 0 ||| qw: Allow faded altars: false
     0 | D:1      | 0 ||| qw: Do Orc after D:15 true
     0 | D:1      | 0 ||| qw: Do second Lair branch before Depths: true
     0 | D:1      | 0 ||| qw: Lair rune preference: random
     0 | D:1      | 0 ||| qw: Plans: Normal, Zot:1-4, Slime:5, God:TSO, Crypt,
                  | Tomb, Abyss, Pan, Hells, Win
     0 | D:1      | 0 ||| PLANNING D:1-11
    98 | D:1      | Reached XP level 2. HP: 17/17 MP: 2/2
   478 | D:1      | Reached XP level 3. HP: 21/21 MP: 3/3
   609 | D:1      | Reached skill level 5 in Ranged Weapons
   624 | D:1      | 624 ||| UPGRADING to +0 ring mail.
   634 | D:1      | 634 ||| DROPPING +0 leather armour.
   635 | D:1      | 635 ||| READING scroll labelled OLIUJA IG GAC.
   636 | D:1      | 636 ||| READING scroll labelled BEENNA ZUDWOPN.
   637 | D:1      | 637 ||| READING 2 scrolls labelled INLIHA APORER.
   638 | D:1      | 638 ||| READING scroll labelled HUDGHE CUUN.
   639 | D:1      | 639 ||| DROPPING scroll of butterflies.
   640 | D:1      | 640 ||| DROPPING scroll of immolation.
   889 | D:2      | 889 ||| Stepping ~*~*~tactically~*~*~ (outnumbered).
   891 | D:2      | 891 ||| Stepping ~*~*~tactically~*~*~ (outnumbered).
   893 | D:2      | 893 ||| Stepping ~*~*~tactically~*~*~ (outnumbered).
   896 | D:2      | HP: 3/21 [gnoll/+0 halberd (7)]
   899 | D:2      | Mangled by a gnoll

Levels and vault maps discovered:
D:1:      shiori_arrival_elements, layout_basic, solitary_fountain
D:2:      layout_loops_ring, grunt_ministairs_8, dk_noncrumbling_2, minivault_19

Skill      XL: |  1  2  3 |
---------------+----------+-----
Ranged Weapons | 5 |  5.0
Fighting       | |  2.2
Armour         | |  0.9
Dodging        | |  1.5
Stealth        | |  1.1

Action                     || total
---------------------------++-------
   Fire: Shortbow          ||    81
    Use: Scroll            ||     4
 Armour: Leather armour    ||     7
         Ring mail         ||     9
  Dodge: Dodged            ||    19

Table legend:
 A = Non-vault XP
 B = Vault XP
 C = Vault XP percentage of total XP
 D = Non-vault monster count
 E = Vault monster count
 F = Vault count percentage of total count
                 A         B        C        D         E       F
            +---------+---------+-------+---------+---------+-------
      Total |      51 |       3 |   5.6 |      30 |       2 |   6.2
            +---------+---------+-------+---------+---------+-------
        D:1 |      42 |       0 |   0.0 |      24 |       0 |   0.0
        D:2 |       9 |       3 |  25.0 |       6 |       2 |  25.0
            +---------+---------+-------+---------+---------+-------
